 Dungeon Crawl Stone Soup version 0.19.4-10-g532645f (webtiles) character file.

344172 Gargoyl the Corrupter of Planes (level 22, -8/198 HPs)
             Began as a Ghoul Abyssal Knight on Feb 23, 2017.
             Was the Champion of Lugonu.
             Splashed by a deep elf sorcerer's acid (13 damage)
             ... on level 3 of the Elven Halls on Feb 24, 2017.
             The game lasted 02:43:33 (46506 turns).

Gargoyl the Corrupter of Planes (GhAK)             Turns: 46506, Time: 02:43:33

Health: -8/198     AC: 34    Str: 23    XL:     22   Next: 40%
Magic:  30/34      EV: 10    Int: 10    God:    Lugonu [******]
Gold:   1165       SH: 22    Dex: 21    Spells: 0 memorised, 21 levels left

rFire  + . .     SeeInvis .     L - +11 war axe of Propriety {venom, rPois rF- Int+7}
rCold  + . .     Gourm    .     O - +3 plate armour {rF+}
rNeg   + + +     Faith    .     U - +5 shield "Ytuqodiz" {rElec MR+ Int-2}
rPois  ∞         Spirit   .     b - +2 helmet
rElec  +         Reflect  +     k - +2 cloak
rCorr  .         Harm     .     E - +0 pair of gloves of Nur Foif {Int-2 Dex+6}
MR     +++..                    d - +2 pair of boots "Fyzxoquo" {rElec rPois Regen+}
Stlth  ..........               a - +3 amulet of reflection
                                s - ring of protection from magic
                                D - ring "Puphor" {+Fly rElec rF+ Str+4}

@: very slightly contaminated, rotting, hasted, very quick
A: rotting body, claws 1, carnivore 3, cold resistance 1, negative energy
resistance 3, slow regeneration 1, torment resistance, unbreathing
a: Depart the Abyss, Bend Space, Banish, Corrupt, Enter the Abyss, Brand Weapon
With Distortion, Renounce Religion, Evoke Flight
}: 1/15 runes: serpentine


You were on level 3 of the Elven Halls.
You worshipped Lugonu.
Lugonu was exalted by your worship.
You were not hungry.

You visited 6 branches of the dungeon, and saw 35 of its levels.
You visited the Abyss 3 times.
You visited 1 bazaar.
You also visited: Trove, Bailey, Ice Cave and Volcano.

You collected 4098 gold pieces.
You spent 2933 gold pieces at shops.

Inventory:

Hand Weapons
 l - a +4 war axe
 L - the +11 war axe of Propriety (weapon) {venom, rPois rF- Int+7}
   (You bought it in a shop in a bazaar)

   It poisons the flesh of those it strikes.
   It affects your intelligence (+7).
   It makes you vulnerable to fire.
   It protects you from poison.
 P - a +3 hand axe of electrocution
 Z - a +8 broad axe of flaming
Missiles
 F - 69 tomahawks of returning (quivered)
Armour
 b - a +2 helmet (worn)
 d - the +2 pair of boots "Fyzxoquo" (worn) {rElec rPois Regen+}
   (You found it in a treasure trove)

   It insulates you from electricity.
   It protects you from poison.
   It increases your rate of regeneration.
 k - a +2 cloak (worn)
 E - the +0 pair of gloves of Nur Foif (worn) {Int-2 Dex+6}
   (You found it in a treasure trove)

   It affects your intelligence (-2).
   It affects your dexterity (+6).
 O - a +3 plate armour of fire resistance (worn)
 U - the +5 shield "Ytuqodiz" (worn) {rElec MR+ Int-2}
   (You found it in a treasure trove)

   It affects your intelligence (-2).
   It insulates you from electricity.
   It affects your resistance to hostile enchantments.
Jewellery
 a - a +3 amulet of reflection (around neck)
 m - a +3 ring of dexterity
 q - an uncursed ring of protection from fire
 r - a +3 ring of evasion
 s - a ring of protection from magic (right hand)
 w - a cursed -2 ring of intelligence
 x - an uncursed ring of resist corrosion
 y - an uncursed ring of see invisible
 A - an uncursed ring of protection from cold
 B - an uncursed ring of magical power {unknown}
 D - the ring "Puphor" (left hand) {+Fly rElec rF+ Str+4}
   (You found it on level 2 of the Snake Pit)

   [ring of flight]

   It affects your strength (+4).
   It protects you from fire.
   It insulates you from electricity.
   It lets you fly.
Wands
 I - a wand of flame (26/48)
 J - a wand of disintegration (9/24)
 K - a wand of digging (10/24)
 R - a wand of digging (4/24)
Scrolls
 e - a scroll of amnesia
 g - 7 scrolls of recharging
 i - 2 scrolls of silence
 j - 3 scrolls of summoning
 u - 4 scrolls of teleportation
 H - a scroll of identify
 Q - a scroll of magic mapping
 S - 9 scrolls of remove curse
 T - a scroll of fear
Potions
 f - 4 potions of agility
 p - 4 potions of might
 t - 14 potions of curing
 v - 4 potions of resistance
 C - a potion of haste
 G - 3 potions of magic
 X - a potion of ambrosia
Comestibles
 c - 14 meat rations
 n - a chunk of flesh
 o - a royal jelly


   Skills:
 + Level 16.6 Fighting
 + Level 17.8 Axes
 + Level 3.0 Throwing
 * Level 17.3 Armour
 + Level 4.0 Dodging
 + Level 14.0 Shields
 * Level 18.4 Invocations
 + Level 2.1 Evocations


You had 21 spell levels left.
You didn't know any spells.

Dungeon Overview and Level Annotations

Branches:
Dungeon (15/15)            Temple (0/1) D:5            Lair (6/6) D:9
  Swamp (0/4) Lair:4        Snake (4/4) Lair:4        Slime (0/5) Lair:6
    Orc (2/2) D:10            Elf (3/3) Orc:2        Vaults (5/5) D:14
  Crypt (0/3) Vaults:2     Depths (0/5) D:15

Altars:
Fedhas
Hepliaklqana
Okawaru
Qazlal
Trog
Xom
Yredelemnul
Beogh
Jiyva

Shops:
D:4 }   D:5 :   D:6 [   D:12 %:   Orc:2 ([*=   Snake:2 =   Snake:4 **
Vaults:1 (   Vaults:3 (

Annotations:
Elf:2 2 runed doors
Vaults:1 corrupted
Vaults:4 exclusions: door, pillar of salt and 1 more exclusion
Vaults:5 corrupted
Abyss:1 Gastronok


Innate Abilities, Weirdness & Mutations

Your body is rotting away.
You thrive on raw meat.
You are immune to poison.
You have sharp fingernails.
You are carnivorous and can eat meat at any time.
Your flesh is cold resistant. (rC+)
You are immune to negative energy. (rN+++)
You regenerate slowly when monsters are visible.
You are immune to unholy pain and torment.
You can survive without breathing.


Message History

You are very lightly contaminated with residual magic.
As you read the scroll of blinking, it crumbles to dust.
You are no longer corroded.
You feel yourself speed up.
The deep elf annihilator gestures at you while chanting.
The bolt of lightning hits you! You resist.
* * * LOW HITPOINT WARNING * * *
The deep elf knight shoots an arrow.
You reflect the arrow off an invisible shield around you!
The arrow barely misses the deep elf knight.
Found a stone staircase leading up.
The deep elf sorcerer points at you and mumbles some strange words.
The sphere of damnation explodes!
The damnation engulfs you!
* * * LOW HITPOINT WARNING * * *
You feel better.
The deep elf sorcerer points at you and mumbles some strange words.
The bolt of acid hits you!
* * * LOW HITPOINT WARNING * * *
You are splashed with acid!
The acid burns!
You die...

**,* *,**,,,,*,* **,**
*,,,,,,.#,* *,*********,**,**.#,*
,**,,,,,,,*,,,,,,..,*
,**,,,,,,,*******.#** ,**,,,,,,,*
##.## ,,,,,,,,,,* ##...##
,,,,,,,,,,* ##<....## ,,,,,,,,,,*
#..@....# ,,,,,,,,,,* ##.....##
,,,.##,**,* ##...## ***..,,**.#
#..## *.#****.* #.##
###.#####.*#####e# ###
#.........*#...e.###.## ######***
#...#*#..#*#.##.....#.###.....,,,
...#* *#.###.......###....#******


You could see a deep elf sorcerer and a deep elf knight.

Vanquished Creatures
  Nikola (Elf:1)
  An Ice Fiend (IceCv)
  A deep elf blademaster (Elf:2)
  Asterion (Elf:1)
  A tentacled starspawn (Abyss:3)
  A sphinx (Vaults:4)
  A storm dragon (shapeshifter) (D:14)
  Roxanne (D:14)
  11 nagarajas
  A frost giant (Vaults:4)
  The ghost of Whitewater the Peltast, a journeyman MiBe of Trog (Snake:2)
  3 orc warlords
  7 deep elf sorcerers
  A fire giant (Vaults:4)
  Aizul (Snake:3)
  6 vault wardens
  The ghost of toffzen the Destroyer, a journeyman DECj of Vehumet (Snake:2)
  A deep elf elementalist (Elf:3)
  6 very ugly things
  11 ironheart preservers
  Azrael (Snake:3)
  2 stone giants
  A deep elf demonologist (Elf:1)
  6 deep elf annihilators
  Snorg (Lair:6)
  A crystal guardian (Vaults:4)
  3 deep elf death magi
  6 fire dragons
  9 yaktaur captains
  4 ettins
  The ghost of smzp the Grappler, a journeyman TrMo of Elyvilon (Orc:1)
  5 ice dragons
  A ghost crab (shapeshifter) (D:15)
  15 naga warriors
  7 vault guards
  6 centaur warriors
  2 hydras
  2 catoblepae
  14 ogre magi
  12 anacondas
  5 great orbs of eyes
  6 orc high priests
  2 deep troll earth magi (Vaults:4)
  3 tengu warriors (D:15)
  25 dancing weapons
  2 deep troll shamans (Vaults:1)
  9 death yaks (Lair:6)
  A thrashing horror (Abyss:2)
  13 naga sharpshooters
  9 shock serpents
  A hell knight (Volcano)
  17 deep elf knights
  A fire crab (Lair:6)
  3 salamander mystics
  8 skeletal warriors
  13 sea snakes
  A death drake (shapeshifter) (Elf:1)
  2 shadow wraiths
  3 unseen horrors
  4 deep trolls
  9 wizards
  14 ironbrand convokers
  8 naga ritualists
  3 starcursed masses (Abyss:2)
  A shadow demon (Abyss:2)
  4 large abominations
  2 glowing orange brains
  4 deep elf archers
  6 hill giants
  A phantasmal warrior (Vaults:2)
  49 deep elf magi
  2 necromancers
  9 harpies
  14 orc knights
  6 wolf spiders
  11 mana vipers
  5 orc sorcerers
  8 cyclopes
  44 ugly things
  A worldbinder (Abyss:2)
  15 salamanders
  16 naga magi
  12 elephants
  2 manticores
  42 black mambas
  8 vault sentinels
  Joseph (D:8)
  9 guardian serpents
  An eye of devastation (Abyss:3)
  2 ice statues
  11 spiny frogs
  Maurice (D:9)
  A spiny frog (shapeshifter) (Elf:3)
  A gargoyle (D:13)
  6 ice devils (IceCv)
  2 rime drakes
  29 yaktaurs
  A redback zombie (D:14)
  13 komodo dragons
  6 freezing wraiths
  4 anaconda simulacra (IceCv)
  An efreet (D:13)
  A human skeleton (Vaults:2)
  3 tengu conjurers
  7 trolls
  4 polar bears (Lair:6)
  A polar bear (shapeshifter) (Vaults:1)
  A tengu simulacrum (Vaults:2)
  7 hornets
  2 meliai (shapeshifter)
  A wolf spider simulacrum (Abyss:3)
  2 jumping spiders (shapeshifter)
  A jumping spider (Vaults:4)
  22 two-headed ogres
  9 blink frogs (Lair:6)
  Prince Ribbit (D:8)
  5 hippogriffs
  6 slime creatures (Vaults:1)
  An air elemental (Elf:1)
  A flying skull (Vaults:2)
  Sigmund (D:4)
  A tarantella (Vaults:4)
  A ynoxinul (Abyss:2)
  2 vampires
  2 water elementals
  3 centaur simulacra
  A spriggan (Lair:3)
  A basilisk (Lair:3)
  5 wraiths
  5 dire elephant simulacra (IceCv)
  2 ettin skeletons (Vaults:2)
  A human (D:8)
  A redback (Vaults:4)
  41 yaks
  5 fire elementals
  13 wyverns
  3 hogs (D:8)
  A hungry ghost (D:14)
  A death yak simulacrum (IceCv)
  A harpy simulacrum (IceCv)
  3 iron troll simulacra (IceCv)
  61 nagas
  Menkaure (D:7)
  5 mottled dragons
  4 wargs
  Duvessa (D:4)
  13 water moccasins
  5 hydra simulacra (IceCv)
  5 porcupines
  6 hell hounds
  3 ice beasts
  59 orc warriors
  2 phantoms
  An eye of draining (D:12)
  2 sky beasts
  2 black bears
  An eye of draining (shapeshifter) (Vaults:1)
  An ettin simulacrum (IceCv)
  A boggart (Elf:1)
  36 ogres
  6 wolves (Lair:2)
  30 centaurs
  2 small abominations
  11 crocodiles
  Blork the orc (D:4)
  5 big kobolds
  17 bullfrogs
  2 wyvern zombies
  A wyvern skeleton (D:7)
  A hornet simulacrum (D:14)
  6 scorpions
  An elephant simulacrum (IceCv)
  Dowan (D:4)
  7 killer bees (D:12)
  4 wights (D:7)
  2 electric eels
  4 crimson imps
  3 bullfrog zombies
  5 centaur zombies
  2 draconian simulacra (IceCv)
  10 hounds
  4 jellies
  38 orc priests
  8 centaur skeletons
  A gnoll shaman (D:5)
  A bullfrog skeleton (D:12)
  An iron imp (Abyss:2)
  Jessica (D:3)
  4 iguanas
  43 orc wizards
  3 troll simulacra (IceCv)
  7 worker ants
  A polar bear simulacrum (IceCv)
  2 hound zombies
  A hound skeleton (D:4)
  A howler monkey zombie (D:10)
  Robin (D:2)
  21 gnolls
  19 adders
  4 naga simulacra (IceCv)
  An ogre simulacrum (IceCv)
  2 shadow imps
  9 white imps (IceCv)
  5 ufetubi (IceCv)
  4 oozes
  An adder skeleton (D:8)
  A worm (D:2)
  2 dart slugs
  9 leopard geckos
  130 orcs
  7 giant cockroaches
  22 goblins
  19 hobgoblins
  12 jackals
  5 quokkas
  2 ball pythons (D:2)
  11 bats
  4 frilled lizards
  2 giant cockroach zombies
  47 kobolds
  A leopard gecko skeleton (D:8)
  A leopard gecko zombie (D:3)
  17 rats
  4 fungi
  5 pillars of salt (Vaults:4)
  3 plants
1656 creatures vanquished.

Vanquished Creatures (others)
  A fire giant (Vaults:4)
  A nagaraja (Snake:4)
  2 vault wardens (Vaults:1)
  3 ironheart preservers
  An entropy weaver (Vaults:4)
  A fire dragon (D:15)
  A yaktaur captain (Vaults:4)
  4 hydras
  A merfolk avatar (Lair:6)
  A centaur warrior (Vaults:2)
  A death knight (Vaults:1)
  2 naga sharpshooters (Snake:4)
  2 deep elf knights
  3 skeletal warriors (Vaults:1)
  A flayed ghost (Vaults:1)
  A deep elf archer (Elf:1)
  A harpy (Lair:5)
  2 ironbrand convokers (Vaults:1)
  A deep elf mage (Elf:2)
  An orc knight (Vaults:1)
  2 vault sentinels
  11 yaktaurs
  The ghost of zidoval the Shooter, an amateur CeHu (D:4)
  2 two-headed ogres (Volcano)
  A naga (Snake:3)
  6 centaurs
  2 orcs (Vaults:2)
  A bush (Lair:6)
  9 fungi
  A lurking horror (Abyss:3)
  36 plants
  9 starspawn tentacles
112 creatures vanquished.

Grand Total: 1768 creatures vanquished

Notes
Turn   | Place    | Note
-------+----------+-------------------------------------------
     0 | Abyss:1  | Gargoyl the Ghoul Abyssal Knight began the quest for the Orb.
     0 | Abyss:1  | Reached XP level 1. HP: 19/19 MP: 1/1
    15 | Abyss:2  | Found a corrupted altar of Lugonu.
    18 | Abyss:2  | Found a corrupted altar of Lugonu.
    97 | Abyss:3  | Noticed a flying skull
    97 | Abyss:3  | Noticed a flying skull
    98 | Abyss:3  | Noticed a flying skull
   106 | D:1      | Escaped the Abyss
   121 | D:1      | Reached * piety under Lugonu
   128 | D:1      | Reached XP level 2. HP: 26/26 MP: 2/2
   373 | D:1      | Reached XP level 3. HP: 25/33 MP: 3/3
   525 | D:1      | Reached skill level 1 in Dodging
  1196 | D:2      | Reached XP level 4. HP: 40/40 MP: 4/4
  1204 | D:2      | Reached ** piety under Lugonu
  1446 | D:2      | Noticed Robin
  1529 | D:2      | Killed Robin
  2190 | D:3      | Reached XP level 5. HP: 46/46 MP: 6/6
  2303 | D:3      | Noticed Jessica
  2311 | D:3      | Killed Jessica
  2359 | D:3      | Found a blossoming altar of Fedhas.
  2360 | D:3      | Found a stormy altar of Qazlal.
  2435 | D:3      | Reached skill level 3 in Invocations
  2623 | D:3      | Reached *** piety under Lugonu
  2623 | D:3      | Reached XP level 6. HP: 52/52 MP: 7/7
  2884 | D:4      | Noticed Sigmund
  2897 | D:4      | Noticed zidoval's ghost (amateur CeHu)
  2903 | D:5      | Entered Level 5 of the Dungeon
  2965 | D:4      | Banished zidoval's ghost
  3226 | D:4      | Noticed Blork the orc
  3259 | D:4      | Killed Blork the orc
  3470 | D:4      | Reached XP level 7. HP: 39/57 MP: 8/8
  3518 | D:4      | Found Faull's Gadget Emporium.
  3529 | D:4      | Reached skill level 4 in Invocations
  3540 | D:4      | Noticed Duvessa
  3732 | D:4      | Found an iron altar of Okawaru.
  3774 | D:4      | Killed Sigmund
  3904 | D:4      | Reached skill level 1 in Shields
  3930 | D:4      | Noticed Dowan
  3944 | D:4      | Killed Dowan
  3960 | D:4      | Killed Duvessa
  3960 | D:4      | Reached skill level 5 in Axes
  3960 | D:4      | Reached XP level 8. HP: 38/66 MP: 10/10
  4375 | D:5      | Found Ethroczuts's Book Emporium.
  4397 | D:5      | Reached skill level 5 in Armour
  4832 | D:5      | Found a staircase to the Ecumenical Temple.
  5011 | D:5      | Reached skill level 5 in Invocations
  5161 | D:6      | Got an ancient chain mail
  5168 | D:6      | Found a hazy altar of Hepliaklqana.
  5174 | D:6      | Reached skill level 5 in Fighting
  5189 | D:6      | Identified the +2 chain mail of Theory {rN+ Str-4 Int+4} (You found it on level 6 of the Dungeon)
  5300 | D:6      | Found Gutiohina's Armour Shoppe.
  5310 | D:6      | Reached **** piety under Lugonu
  5310 | D:6      | Reached XP level 9. HP: 64/74 MP: 12/12
  5616 | D:7      | Noticed a two-headed ogre
  5621 | D:7      | Killed a two-headed ogre
  5788 | D:7      | Reached skill level 6 in Invocations
  5895 | D:7      | Noticed Menkaure
  5901 | D:7      | Killed Menkaure
  6170 | D:7      | Found a flagged portal.
  6177 | Bailey   | Entered a bailey
  6408 | Bailey   | Reached ***** piety under Lugonu
  6564 | D:7      | Reached XP level 10. HP: 71/83 MP: 13/13
  6671 | D:7      | Found a basalt altar of Yredelemnul.
  6932 | D:7      | Got a bronze chain mail
  6933 | D:7      | Identified the +3 chain mail of Qaohem {+Inv Int+4 Slay-4} (You found it on level 7 of the Dungeon)
  6954 | D:8      | Noticed Joseph
  6978 | D:8      | Killed Joseph
  7343 | D:8      | Noticed Prince Ribbit
  7406 | D:8      | Killed Prince Ribbit
  7493 | D:8      | Reached skill level 7 in Invocations
  7595 | D:8      | Found a shimmering altar of Xom.
  7819 | D:9      | Found a staircase to the Lair.
  7820 | D:9      | Noticed Maurice
  8344 | D:9      | Killed Maurice
  8344 | D:9      | Reached XP level 11. HP: 92/92 MP: 15/15
  9060 | D:10     | Entered Level 10 of the Dungeon
  9151 | Lair:1   | Entered Level 1 of the Lair of Beasts
  9399 | Lair:1   | Found a dark tunnel.
  9483 | Volcano  | Entered a volcano
  9501 | Volcano  | Noticed an ogre mage
  9504 | Volcano  | Found a bloodstained altar of Trog.
  9514 | Volcano  | Noticed a hell knight
  9522 | Volcano  | Killed an ogre mage
  9522 | Volcano  | Reached skill level 8 in Invocations
  9533 | Volcano  | Reached ****** piety under Lugonu
  9533 | Volcano  | Reached skill level 10 in Axes
  9536 | Volcano  | Killed a hell knight
 10067 | Lair:1   | Noticed a four-headed hydra
 10071 | Lair:1   | Banished a five-headed hydra
 10214 | Lair:1   | Noticed Gastronok
 10338 | Lair:1   | Banished Gastronok
 10338 | Lair:1   | Reached skill level 9 in Invocations
 10480 | Lair:1   | Identified Sif Muna's Catalogue of Flight and Hexes
 10575 | Lair:1   | Reached XP level 12. HP: 103/103 MP: 17/17
 10861 | Lair:2   | Noticed a five-headed hydra
 10868 | Lair:2   | Banished a five-headed hydra
 10986 | Lair:2   | Noticed a seven-headed hydra
 11183 | Lair:2   | Banished an eight-headed hydra
 11717 | Lair:2   | Reached skill level 10 in Armour
 11717 | Lair:2   | Reached skill level 10 in Invocations
 11717 | Lair:2   | Reached XP level 13. HP: 111/111 MP: 19/19
 13018 | Lair:4   | Reached skill level 11 in Invocations
 13319 | Lair:4   | Reached skill level 5 in Shields
 13464 | Lair:4   | Found a staircase to the Swamp.
 13624 | Lair:4   | Found a staircase to the Snake Pit.
 15263 | Lair:6   | Entered Level 6 of the Lair of Beasts
 15612 | Lair:6   | Reached XP level 14. HP: 58/117 MP: 21/21
 15698 | Lair:6   | Noticed Snorg
 15712 | Lair:6   | Killed Snorg
 16732 | Lair:6   | Reached skill level 12 in Invocations
 17138 | Lair:6   | Reached skill level 10 in Fighting
 17310 | Lair:6   | Found a viscous altar of Jiyva.
 17311 | Lair:6   | Found a staircase to the Slime Pits.
 18585 | D:10     | Found a staircase to the Orcish Mines.
 19038 | D:11     | Reached XP level 15. HP: 124/126 MP: 23/23
 19783 | D:12     | Found a flickering gateway to a bazaar.
 19792 | Bazaar   | Entered a bazaar
 19792 | Bazaar   | Found Jeschax's Assorted Antiques.
 19798 | Bazaar   | Found Mogirouz's Distillery.
 19807 | Bazaar   | Found Xeneuhou's Food Shop.
 19838 | Bazaar   | Found Cahotzut's Antique Weapon Emporium.
 19845 | Bazaar   | Found Cucam's Armour Boutique.
 19853 | Bazaar   | Bought a +1 pair of boots for 80 gold pieces
 19865 | Bazaar   | Bought a runed broad axe for 330 gold pieces
 19881 | Bazaar   | Bought a potion of heal wounds for 125 gold pieces
 19896 | Bazaar   | Bought a faintly glowing war axe for 280 gold pieces
 19896 | Bazaar   | Identified the +11 war axe of Propriety {venom, rPois rF- Int+7} (You bought it in a shop in a bazaar)
 20112 | D:12     | Found Noelets's Book Emporium.
 20261 | D:12     | Found Etum's Food Shop.
 21270 | D:13     | Identified a scroll of acquirement
 21748 | D:14     | Cast into level 3 of the Abyss (a wizard)
 21762 | Abyss:3  | Noticed a tentacled starspawn
 21772 | Abyss:3  | Killed a tentacled starspawn
 21846 | Abyss:3  | Reached skill level 13 in Invocations
 21962 | D:14     | Escaped the Abyss
 22440 | D:14     | Found a gate to the Vaults.
 22567 | D:14     | Noticed Roxanne
 22602 | D:14     | Killed Roxanne
 22603 | D:14     | Identified Roxanne's Guide on Stones (You took it off Roxanne on level 14 of the Dungeon)
 22983 | D:14     | Noticed a storm dragon
 22983 | D:14     | a queen ant changed into a storm dragon
 22989 | D:14     | Killed a storm dragon
 23380 | D:15     | Entered Level 15 of the Dungeon
 23511 | D:15     | Paralysed by a floating eye for 2 turns
 23613 | D:15     | Found a staircase to the Depths.
 23795 | D:15     | Reached XP level 16. HP: 137/137 MP: 24/24
 24056 | D:15     | Found a bloodstained altar of Trog.
 24690 | Orc:1    | Entered Level 1 of the Orcish Mines
 24693 | Orc:1    | Noticed smzp's ghost (journeyman TrMo)
 24706 | Orc:1    | Killed smzp's ghost
 25079 | Orc:1    | Found a roughly hewn altar of Beogh.
 25429 | Orc:2    | Entered Level 2 of the Orcish Mines
 25430 | Orc:2    | Found a staircase to the Elven Halls.
 26008 | Orc:2    | Found a roughly hewn altar of Beogh.
 26874 | Orc:2    | Found Pero Qed's General Store.
 26874 | Orc:2    | Found Noipsup's Jewellery Emporium.
 26875 | Orc:2    | Found Itoxax's Antique Armour Emporium.
 26875 | Orc:2    | Found Ebluixub's Antique Weapon Shoppe.
 26881 | Orc:2    | Bought an uncursed ring of see invisible for 210 gold pieces
 26957 | Orc:2    | Bought a heavily runed buckler for 294 gold pieces
 26967 | Orc:2    | Identified the +2 buckler "Soty" {*Drain rPois Int+6} (You bought it in a shop on level 2 of the Orcish Mines)
 27003 | Orc:2    | Bought a pair of glowing gloves for 325 gold pieces
 27033 | Orc:2    | Bought a runed plate armour for 899 gold pieces
 27302 | Snake:1  | Entered Level 1 of the Snake Pit
 27569 | Snake:1  | Reached skill level 14 in Invocations
 27747 | Snake:1  | Noticed a nagaraja
 27765 | Snake:1  | Killed a nagaraja
 28161 | Snake:2  | Reached XP level 17. HP: 142/146 MP: 26/26
 28165 | Snake:2  | Noticed toffzen's ghost (journeyman DECj)
 28242 | Snake:2  | Killed toffzen's ghost
 28357 | Snake:2  | Noticed Whitewater's ghost (journeyman MiBe)
 28422 | Snake:2  | Killed Whitewater's ghost
 28938 | Snake:2  | Got a scorched silver ring
 28940 | Snake:2  | Identified the ring "Puphor" {+Fly rElec rF+ Str+4} (You found it on level 2 of the Snake Pit)
 29092 | Snake:2  | Found Godwicaz's Jewellery Boutique.
 29707 | Snake:3  | Noticed Azrael
 29734 | Snake:3  | Killed Azrael
 29995 | Snake:3  | Reached skill level 15 in Axes
 30202 | Snake:3  | Noticed Aizul
 30222 | Snake:3  | Killed Aizul
 30621 | Snake:4  | Entered Level 4 of the Snake Pit
 30841 | Snake:4  | Reached skill level 15 in Invocations
 30887 | Snake:4  | Reached skill level 15 in Armour
 31107 | Snake:3  | Reached XP level 18. HP: 137/155 MP: 28/28
 32164 | Snake:4  | Reached skill level 10 in Shields
 32440 | Snake:4  | Found Epauputz's General Store.
 32442 | Snake:4  | Found Ufootaov's Assorted Antiques.
 32444 | Snake:4  | Bought a scroll of enchant armour for 90 gold pieces
 32453 | Snake:4  | Bought a scroll of enchant weapon for 240 gold pieces
 32876 | Snake:4  | Got a serpentine rune of Zot
 33323 | Vaults:1 | Entered Level 1 of the Vaults
 33352 | Vaults:1 | Found Qait's Weapon Shop.
 33520 | Vaults:1 | Reached XP level 19. HP: 30/165 MP: 24/29
 34332 | Vaults:1 | Reached skill level 16 in Invocations
 34504 | Vaults:1 | Cast into level 2 of the Abyss (a wizard)
 34706 | Abyss:2  | Noticed a Hell Sentinel
 34717 | Vaults:1 | Escaped the Abyss
 34938 | Vaults:1 | Corrupted Vaults:1
 35236 | Vaults:1 | Noticed an ancient lich
 35934 | Vaults:2 | Found a staircase to the Crypt.
 36902 | Vaults:2 | Reached XP level 20. HP: 176/176 MP: 31/31
 37974 | Vaults:2 | Reached skill level 17 in Invocations
 38438 | Vaults:3 | Paralysed by a wizard for 6 turns
 38755 | Vaults:3 | Reached skill level 15 in Fighting
 38850 | Vaults:3 | Found Pyatwo's Weapon Shoppe.
 40180 | Vaults:4 | Reached XP level 21. HP: 141/184 MP: 29/32
 40577 | Vaults:4 | Found a ruined gateway.
 41453 | Vaults:5 | Entered Level 5 of the Vaults
 41454 | Vaults:5 | Corrupted Vaults:5
 41968 | Snake:4  | Bought a potion of heal wounds for 60 gold pieces
 42374 | Elf:1    | Entered Level 1 of the Elven Halls
 42391 | Orc:2    | Reached skill level 18 in Invocations
 42558 | Elf:1    | Noticed Asterion
 42579 | Elf:1    | Killed Asterion
 42662 | Elf:1    | Noticed Nikola
 42678 | Elf:1    | Killed Nikola
 43447 | Elf:2    | Found a large runed door.
 43447 | Elf:2    | Found a large runed door.
 43472 | Elf:2    | Found a large runed door.
 43472 | Elf:2    | Found a large runed door.
 43502 | Elf:2    | Found a portal to a secret trove of treasure.
 43518 | Elf:2    | You paid a toll of a wand of heal wounds (9) to enter a treasure trove
 43519 | Trove    | Entered a treasure trove
 43531 | Trove    | Got a pair of scorched boots
 43534 | Trove    | Got a pair of scorched gloves
 43536 | Trove    | Got a transparent chain mail
 43538 | Trove    | Got a polished shield
 43549 | Trove    | Identified the +5 shield "Ytuqodiz" {rElec MR+ Int-2} (You found it in a treasure trove)
 43552 | Trove    | Got a pair of smoking gloves
 43554 | Trove    | Got a spiked chain mail
 43556 | Trove    | Got a pair of pitted gloves
 43570 | Trove    | Identified the +0 pair of gloves of Nur Foif {Int-2 Dex+6} (You found it in a treasure trove)
 43580 | Trove    | Identified the -3 pair of gloves of Nuar {-Cast Str+6} (You found it in a treasure trove)
 43601 | Trove    | Identified the +12 chain mail "Liampop" {-Tele Str+4 Int+2 Dex+3} (You found it in a treasure trove)
 43621 | Trove    | Identified the +5 chain mail of the Accordion {+Fly MP-9 Dex+3} (You found it in a treasure trove)
 43631 | Trove    | Identified the +3 pair of gloves of Egalitarianism {*Slow rPois rCorr Dex+4} (You found it in a treasure trove)
 43664 | Elf:2    | Identified the +2 pair of boots "Fyzxoquo" {rElec rPois Regen+} (You found it in a treasure trove)
 44313 | Elf:2    | Reached XP level 22. HP: 183/195 MP: 34/34
 44711 | Elf:3    | Entered Level 3 of the Elven Halls
 44790 | Elf:3    | Found a frozen archway.
 44805 | IceCv    | Entered an ice cave
 46506 | Elf:3    | HP: 5/198 [deep elf sorcerer/bolt of acid (21)]
 46506 | Elf:3    | Splashed by a deep elf sorcerer's acid

Skill      XL: |  1  2  3  4  5  6  7  8  9 10 11 12 13 14 15 16 17 18 19 20 21 22 |
---------------+-------------------------------------------------------------------+-----
Axes           | 2 3 4 5 6 7 9 10 11 12 13 14 15 16 17 | 17.8
Dodging        | 1 2 3 4 |  4.0
Armour         | 2 4 5 6 8 9 10 11 12 13 14 15 16 17 | 17.3
Fighting       | 4 5 6 7 8 9 10 11 12 13 14 15 16 | 16.6
Invocations    | 3 4 5 6 7 9 10 11 12 13 14 15 16 17 18 | 18.4
Shields        | 1 2 3 4 5 6 7 8 9 10 11 12 13 14 | 14.0
Throwing       | 2 3 |  3.0
Evocations     | 2 |  2.1

Action                   |  1- 3 |  4- 6 |  7- 9 | 10-12 | 13-15 | 16-18 | 19-21 | 22-24 || total
-------------------------+-------+-------+-------+-------+-------+-------+-------+-------++-------
Melee: Hand axe          |   131 |   306 |       |       |  1029 |       |       |       ||  1466
       War axe           |       |    13 |   428 |   489 |   555 |  1667 |  1596 |   315 ||  5063
       Broad axe         |       |       |       |       |    10 |     6 |       |       ||    16
Throw: Tomahawk          |       |       |       |     8 |    12 |     5 |     9 |       ||    34
Invok: Depart the Abyss  |     1 |       |       |       |     1 |       |     1 |       ||     3
       Banish            |       |     1 |       |    19 |    14 |     1 |     9 |     2 ||    46
       Bend Space        |       |       |       |     1 |     2 |       |     1 |       ||     4
       Corrupt           |       |       |       |       |       |       |     2 |       ||     2
Evoke: Wand              |     1 |     2 |     4 |       |     6 |     1 |       |       ||    14
  Use: Scroll            |     4 |     4 |    10 |     8 |    22 |    12 |     8 |     2 ||    70
       Potion            |     2 |     7 |     3 |    11 |     6 |     1 |     4 |     5 ||    39
  Eat: Chunk             |    17 |    23 |    81 |   106 |   254 |   358 |   292 |    19 ||  1150
       Meat ration       |       |       |       |       |       |       |       |     1 ||     1
Armor: Leather armour    |    40 |       |       |       |       |       |       |       ||    40
       Plate armour      |     1 |   263 |   319 |    92 |  1038 |   858 |   815 |   109 ||  3495
       Chain mail        |       |       |    13 |   145 |       |       |       |       ||   158
Dodge: Dodged            |    79 |    79 |   189 |   217 |   593 |   501 |   358 |    56 ||  2072
Block: Buckler           |       |    26 |    89 |   149 |   655 |    95 |       |       ||  1014
       Reflection        |       |       |       |     4 |    36 |   145 |   133 |    21 ||   339
       Shield            |       |       |       |       |       |  1171 |  1128 |   291 ||  2590
